Washington Capitals vs Winnipeg Jets
Created - Thursday, April 11, 2024 at 07:44
Goals
|
| Washington Capitals |
2 |
1 |
4 |
7 |
| Winnipeg Jets |
1 |
1 |
0 |
2 |
|
Shots
|
| Washington Capitals |
12 |
10 |
9 |
31 |
| Winnipeg Jets |
13 |
7 |
18 |
38 |
|
1st period
1. Washington Capitals , Brayden Point 19 (Alex Ovechkin 21, Erik Johnson 7) at 5:42
2. Washington Capitals , Alex Ovechkin 15 (John Carlson 11, Brayden Point 29) at 6:52 (PP)
3. Winnipeg Jets , Andrew Cogliano 13 (Kaapo Kakko 23, Nick Suzuki 35) at 9:33 (PP)
Penalties :
Ty Smith (WPG) for Roughing (Minor) at 5:53, Nathan Beaulieu (WPG) for Fighting (Major) at 8:12, Drake Batherson (WSH) for Fighting (Major) at 8:12, Drake Batherson (WSH) for instigated a fight (Minor) at 8:12, Drake Batherson (WSH) for instigated and being the aggresor in a fight (20 Minutes Game Misconduct) at 8:12, Calen Addison (WPG) for Hooking (Minor) at 15:27
2nd period
4. Winnipeg Jets , Nick Suzuki 27 (Dylan Samberg 6) at 13:31 (PP)
5. Washington Capitals , Jason Robertson 13 (Brayden Point 30) at 14:26 (PP)
Penalties :
Brad Marchand (WSH) for Cross-checking (Minor) at 5:59, Dylan DeMelo (WSH) for Cross-checking (Minor) at 12:53, Andrew Cogliano (WPG) for Hooking (Minor) at 14:13, Brad Marchand (WSH) for Hooking (Minor) at 17:54
3rd period
6. Washington Capitals , Alex Ovechkin 16 (Brayden Point 31, Dominik Kubalik 8) at 2:39
7. Washington Capitals , Alex Ovechkin 17 (Brayden Point 32, Erik Johnson 8) at 7:09
8. Washington Capitals , Brad Marchand 7 (Nico Hischier 23) at 8:19
9. Washington Capitals , Alex Ovechkin 18 (Brayden Point 33, John Carlson 12) at 13:34 (PP)
Penalties :
Nathan Beaulieu (WPG) for Fighting (Major) at 8:33, Brad Marchand (WSH) for Fighting (Major) at 8:33, Nathan Beaulieu (WPG) for instigated a fight (Minor) at 8:33, Nathan Beaulieu (WPG) for instigated a fight (10 Minutes Misconduct) at 8:33, Alex Ovechkin (WSH) for Roughing (Minor) at 8:41, Andrew Cogliano (WPG) for Hooking (Minor) at 13:22, Brad Marchand (WSH) for Roughing (Minor) at 16:34
Goalie Stats
Jake Oettinger (WSH), 36 saves from 38 shots - (0.947), W, 18-17-3, 60:00 minutes
Pavel Francouz (WPG), 24 saves from 31 shots - (0.774), L, 2-3-0, 60:00 minutes
Players Stats for Washington Capitals
Player Name G A P +/- PIM S H SB GA TA FO MP PP MP PK MP
------------------------------------------------------------------------------------
Alex Ovechkin 4 1 5 3 2 6 1 0 0 0 0/1 18:53 1:12 0:00
Brad Marchand 1 0 1 1 11 2 1 1 0 0 0/0 13:51 0:00 1:13
Brayden Point 1 5 6 3 0 4 4 1 0 0 12/26 20:06 1:18 0:00
David Savard 0 0 0 1 0 0 0 1 2 0 0/0 25:04 2:36 3:34
Dominik Kubalik 0 1 1 0 0 0 0 1 0 0 0/3 15:17 0:41 3:26
Drake Batherson 0 0 0 0 27 0 0 0 1 0 0/0 1:56 0:43 0:00
Dylan DeMelo 0 0 0 3 2 2 0 1 0 0 0/0 13:38 0:00 0:00
Erik Johnson 0 2 2 3 0 1 1 2 0 1 0/0 20:29 0:55 4:30
Ian Cole 0 0 0 0 0 0 3 3 0 1 0/0 19:23 0:00 3:34
Isac Lundestrom 0 0 0 0 0 0 1 0 0 0 2/3 7:37 0:00 1:52
Jason Robertson 1 0 1 3 0 5 1 1 2 0 0/2 18:29 1:13 0:00
John Carlson 0 2 2 1 0 1 0 2 0 0 0/0 20:08 2:36 0:00
Jordan Kyrou 0 0 0 0 0 2 0 0 1 1 0/0 14:00 0:24 0:00
Michael Mcleod 0 0 0 0 0 0 0 3 0 1 7/14 15:02 0:03 4:45
Nick Foligno 0 0 0 0 0 2 4 0 0 0 0/1 14:02 1:08 3:48
Nick Jensen 0 0 0 0 0 0 2 0 0 0 0/0 21:17 0:55 4:30
Nico Hischier 0 1 1 1 0 4 0 1 0 0 8/13 16:07 1:56 1:04
Owen Tippett 0 0 0 1 0 2 2 0 0 0 0/0 14:39 1:54 0:00
Players Stats for Winnipeg Jets
Player Name G A P +/- PIM S H SB GA TA FO MP PP MP PK MP
------------------------------------------------------------------------------------
Alex DeBrincat 0 0 0 -2 0 4 4 0 0 0 4/7 19:18 3:36 1:25
Andrew Cogliano 1 0 1 0 4 2 0 1 1 1 1/1 17:46 3:51 0:00
Barclay Goodrow 0 0 0 -1 0 0 2 0 0 1 0/0 11:11 0:26 0:00
Calen Addison 0 0 0 -1 2 1 0 0 0 0 0/0 19:10 4:20 0:00
Connor McDavid 0 0 0 -2 0 4 2 0 1 0 13/21 19:17 3:53 1:19
Dante Fabbro 0 0 0 -2 0 0 3 3 1 1 0/0 26:10 3:44 1:50
Dylan Samberg 0 1 1 -1 0 2 2 2 0 0 0/0 26:12 5:11 1:41
Joel Armia 0 0 0 -1 0 3 0 1 0 0 0/1 11:28 0:00 0:43
Jordan Harris 0 0 0 -1 0 3 0 1 0 1 0/0 18:00 0:00 1:45
Kaapo Kakko 0 1 1 0 0 2 1 0 0 0 1/1 17:51 3:54 0:00
Klim Kostin 0 0 0 -1 0 1 0 0 0 0 0/0 8:21 0:00 0:00
Lucas Raymond 0 0 0 -2 0 4 1 0 1 0 0/0 19:27 3:36 1:34
Matthew Beniers 0 0 0 -1 0 2 0 0 0 0 3/7 12:14 0:42 0:00
Nathan Beaulieu 0 0 0 -2 22 0 1 2 0 1 0/0 15:43 1:51 1:34
Nick Suzuki 1 1 2 0 0 7 6 0 0 1 9/19 20:43 4:14 1:49
Pius Suter 0 0 0 -1 0 1 0 0 0 0 0/0 8:35 0:00 0:14
Sam Steel 0 0 0 -1 0 1 1 0 0 0 3/6 8:21 0:00 0:00
Ty Smith 0 0 0 -1 2 1 1 1 0 0 0/0 14:47 1:02 0:12
3 Stars
1 - Alex Ovechkin (WSH)
2 - Brayden Point (WSH)
3 - Erik Johnson (WSH)
Power Play
Washington Capitals - 3 on 5 Attempt(s) - 60.00%
Winnipeg Jets - 2 on 6 Attempt(s) - 33.33%
Penalty Kill
Washington Capitals - 4 on 6 Attempt(s) - 66.67%
- Score 0 goal in Penalty Kill
Winnipeg Jets - 2 on 5 Attempt(s) - 40.00%
- Score 0 goal in Penalty Kill
Team Stat
Washington Capitals - Hits : 20 - Faceoff Wins : 29 - Blocked Shots : 17 - Penalty Minutes : 42
Winnipeg Jets - Hits : 24 - Faceoff Wins : 34 - Blocked Shots : 11 - Penalty Minutes : 30
Official
Referees : Francois StLaurent and Justin StPierre
Linesman : Jay Sharrers and Brad Lazarowich
Game Notes
Nathan Beaulieu beats up Drake Batherson at 8:12 of 1st period
Drake Batherson ejected from game at 8:12 of 1st period
Alex Ovechkin has scored a Hat Trick!
Nathan Beaulieu beats up Brad Marchand at 8:33 of 3rd period
Finance
Level 1 -- Attendance: 5701 (95.02%) -- Ticket Income $524,492
Level 2 -- Attendance: 5000 (100.00%) -- Ticket Income $275,000
Level 3 -- Attendance: 2852 (95.07%) -- Ticket Income $85,560
Level 4 -- Attendance: 4278 (85.56%) -- Ticket Income $94,116
Luxury Box -- Attendance: 847 (84.70%) -- Ticket Income $160,930
Game was played at the MTS Centre.
Total Attendance: 18678 (93.39%)
Total Ticket Income: $1,140,098
Other Income: $399,034
Total Income: $1,539,132
Washington Capitals
5 vs 5 Forward
Center Left Wing Right Wing Time % Phy DF OF
1 Brayden Point Alex Ovechkin Jason Robertson 40 1 1 3
2 Nico Hischier Brad Marchand Owen Tippett 30 1 1 3
3 Michael Mcleod Dominik Kubalik Drake Batherson 20 1 1 3
4 Isac Lundestrom Nick Foligno Jordan Kyrou 10 1 1 3
5 vs 5 Defense
Defense Defense Time % Phy DF OF
1 John Carlson David Savard 35 2 3 0
2 Nick Jensen Ian Cole 35 2 3 0
3 Dylan DeMelo Erik Johnson 30 2 3 0
4 John Carlson David Savard 0 2 3 0
PowerPlay Forward
Center Left Wing Right Wing Time % Phy DF OF
1 Brayden Point Alex Ovechkin Jason Robertson 60 1 2 2
2 Nico Hischier Owen Tippett Drake Batherson 40 1 2 2
PowerPlay Defense
Defense Defense Time % Phy DF OF
1 David Savard John Carlson 60 1 2 2
2 Erik Johnson Nick Jensen 40 1 2 2
Penalty Kill 4 Players Forward
Center Wing Time % Phy DF OF
1 Michael Mcleod Brad Marchand 60 1 2 2
2 Isac Lundestrom Nick Foligno 40 1 2 2
Penalty Kill 4 Players Defense
Defense Defense Time % Phy DF OF
1 David Savard Ian Cole 60 1 2 2
2 Erik Johnson Nick Jensen 40 1 2 2
Penalty Kill - 3 Players Forward
Forward Time % Phy DF OF
1 Michael Mcleod 60 1 2 2
2 Isac Lundestrom 40 1 2 2
Penalty Kill - 3 Players Defense
Defense Defense Time % Phy DF OF
1 David Savard Ian Cole 60 1 2 2
2 Erik Johnson Nick Jensen 40 1 2 2
4 vs 4 Forward
Center Wing Time % Phy DF OF
1 Brayden Point Alex Ovechkin 60 1 2 2
2 Nico Hischier Jason Robertson 40 1 2 2
4 vs 4 Defense
Defense Defense Time % Phy DF OF
1 David Savard John Carlson 60 1 2 2
2 Erik Johnson Nick Jensen 40 1 2 2
Last Minutes Offensive
Center Left Wing Right Wing Defense Defense
Brayden Point Alex Ovechkin Jason Robertson David Savard John Carlson
Last Minutes Defensive
Center Left Wing Right Wing Defense Defense
Nico Hischier Brad Marchand Nick Foligno David Savard Ian Cole
Goaltenders
Starting : Jake Oettinger
Backup : Sergei Bobrovsky
Extra Forwards
Normal : Jordan Kyrou, Drake Batherson, Dominik Kubalik - PP : Owen Tippett, Brayden Point - PK : Dominik Kubalik
Extra Defensemen
Normal : Erik Johnson, David Savard, Ian Cole - PP : David Savard - PK : Erik Johnson, David Savard
Penalty Shots
Jason Robertson, Drake Batherson, Brayden Point, Alex Ovechkin, David Savard
Winnipeg Jets
5 vs 5 Forward
Center Left Wing Right Wing Time % Phy DF OF
1 Connor McDavid Alex DeBrincat Lucas Raymond 30 1 2 2
2 Nick Suzuki Andrew Cogliano Kaapo Kakko 30 1 2 2
3 Matthew Beniers Barclay Goodrow Joel Armia 25 1 2 2
4 Sam Steel Pius Suter Klim Kostin 15 1 2 2
5 vs 5 Defense
Defense Defense Time % Phy DF OF
1 Dante Fabbro Nathan Beaulieu 30 1 2 2
2 Dylan Samberg Calen Addison 30 1 2 2
3 Jordan Harris Ty Smith 25 1 2 2
4 Dante Fabbro Nathan Beaulieu 15 1 2 2
PowerPlay Forward
Center Left Wing Right Wing Time % Phy DF OF
1 Connor McDavid Alex DeBrincat Lucas Raymond 50 1 2 2
2 Nick Suzuki Andrew Cogliano Kaapo Kakko 50 1 2 2
PowerPlay Defense
Defense Defense Time % Phy DF OF
1 Dante Fabbro Nathan Beaulieu 50 1 2 2
2 Dylan Samberg Calen Addison 50 1 2 2
Penalty Kill 4 Players Forward
Center Wing Time % Phy DF OF
1 Connor McDavid Nick Suzuki 50 1 2 2
2 Alex DeBrincat Lucas Raymond 50 1 2 2
Penalty Kill 4 Players Defense
Defense Defense Time % Phy DF OF
1 Dante Fabbro Nathan Beaulieu 50 1 2 2
2 Jordan Harris Dylan Samberg 50 1 2 2
Penalty Kill - 3 Players Forward
Forward Time % Phy DF OF
1 Connor McDavid 50 1 2 2
2 Nick Suzuki 50 1 2 2
Penalty Kill - 3 Players Defense
Defense Defense Time % Phy DF OF
1 Dante Fabbro Nathan Beaulieu 50 1 2 2
2 Jordan Harris Ty Smith 50 1 2 2
4 vs 4 Forward
Center Wing Time % Phy DF OF
1 Connor McDavid Nick Suzuki 50 1 2 2
2 Alex DeBrincat Lucas Raymond 50 1 2 2
4 vs 4 Defense
Defense Defense Time % Phy DF OF
1 Dante Fabbro Nathan Beaulieu 50 1 2 2
2 Dylan Samberg Jordan Harris 50 1 2 2
Last Minutes Offensive
Center Left Wing Right Wing Defense Defense
Connor McDavid Alex DeBrincat Lucas Raymond Dante Fabbro Nathan Beaulieu
Last Minutes Defensive
Center Left Wing Right Wing Defense Defense
Connor McDavid Alex DeBrincat Lucas Raymond Dante Fabbro Nathan Beaulieu
Goaltenders
Starting : Pavel Francouz
Backup : Ukko-Pekka Luukkonen
Extra Forwards
Normal : Matthew Beniers, Barclay Goodrow, Joel Armia - PP : Matthew Beniers, Barclay Goodrow - PK : Joel Armia
Extra Defensemen
Normal : Dylan Samberg, Jordan Harris, Nathan Beaulieu - PP : Dylan Samberg - PK : Jordan Harris, Nathan Beaulieu
Penalty Shots
Connor McDavid, Nick Suzuki, Alex DeBrincat, Lucas Raymond, Matthew Beniers
% Time on Ice - Washington Capitals
Lines # - Real PCT - Wanted PCT - Time Play
Normal Forward
1 - 40% - 40% - 18:24
2 - 27% - 30% - 12:48
3 - 21% - 20% - 9:59
4 - 12% - 10% - 5:23
Normal Defense
1 - 37% - 35% - 17:25
2 - 33% - 35% - 15:30
3 - 29% - 30% - 13:39
4 - 0% - 0% - 0:00
PP Forward
1 - 35% - 60% - 1:13
2 - 65% - 40% - 2:18
PP Defense
1 - 74% - 60% - 2:36
2 - 26% - 40% - 0:55
PK Forward
1 - 90% - 60% - 7:18
2 - 10% - 40% - 0:46
PK Defense
1 - 44% - 60% - 3:34
2 - 56% - 40% - 4:30
PK3 Forward
1 - 0% - 60%
2 - 0% - 40%
PK3 Defense
1 - 0% - 60%
2 - 0% - 40%
44 Forward
1 - 100% - 60% - 1:51
2 - 0% - 40% - 0:00
44 Defense
1 - 80% - 60% - 1:29
2 - 20% - 40% - 0:22
Last Minute Offensive - 0:00
Last Minute Defensive - 0:00
Total
Forward - 60:00
Defense - 60:00
|
% Time on Ice - Winnipeg Jets
Lines # - Real PCT - Wanted PCT - Time Play
Normal Forward
1 - 29% - 30% - 13:31
2 - 30% - 30% - 13:57
3 - 23% - 25% - 10:45
4 - 18% - 15% - 8:21
Normal Defense
1 - 33% - 30% - 15:24
2 - 32% - 30% - 14:45
3 - 25% - 25% - 11:31
4 - 11% - 15% - 4:54
PP Forward
1 - 48% - 50% - 3:53
2 - 52% - 50% - 4:11
PP Defense
1 - 46% - 50% - 3:44
2 - 54% - 50% - 4:20
PK Forward
1 - 52% - 50% - 1:49
2 - 48% - 50% - 1:42
PK Defense
1 - 52% - 50% - 1:50
2 - 48% - 50% - 1:41
PK3 Forward
1 - 0% - 50%
2 - 0% - 50%
PK3 Defense
1 - 0% - 50%
2 - 0% - 50%
44 Forward
1 - 31% - 50% - 0:34
2 - 69% - 50% - 1:17
44 Defense
1 - 31% - 50% - 0:34
2 - 69% - 50% - 1:17
Last Minute Offensive - 0:00
Last Minute Defensive - 0:00
Total
Forward - 60:00
Defense - 60:00
|
Play-by-Play
1st period
0:01 of 1st period - Connor McDavid wins face-off versus Brayden Point in neutral zone.
0:09 of 1st period - Snap shot by Connor McDavid.
0:09 of 1st period - Shot Hit the Post.
0:32 of 1st period - Slapshot by Jason Robertson.
0:32 of 1st period - Shot Misses the Net.
0:54 of 1st period - Dylan Samberg is hit by Owen Tippett and loses puck.
1:21 of 1st period - Snap shot by Jordan Kyrou.
1:21 of 1st period - Deflect By Nick Foligno.
1:21 of 1st period - Stopped by Pavel Francouz with a rebound.
1:23 of 1st period - Slapshot by Erik Johnson.
1:23 of 1st period - Shot Blocked by Ty Smith.
1:25 of 1st period - Wrist shot by Jordan Kyrou.
1:25 of 1st period - Shot Misses the Net.
1:36 of 1st period - Off-side.
1:37 of 1st period - Sam Steel wins face-off versus Michael Mcleod in neutral zone.
2:02 of 1st period - Pius Suter is hit by Nick Foligno and loses puck.
2:33 of 1st period - Snap shot by Connor McDavid.
2:33 of 1st period - Shot Blocked by Dylan DeMelo.
2:55 of 1st period - Wrist shot by Brayden Point.
2:55 of 1st period - Stopped by Pavel Francouz with a rebound.
3:38 of 1st period - Slapshot by Lucas Raymond.
3:38 of 1st period - Stopped by Jake Oettinger with a rebound.
3:40 of 1st period - Snap shot by Connor McDavid.
3:40 of 1st period - Deflect By Nico Hischier.
3:40 of 1st period - Shot Misses the Net.
3:40 of 1st period - Puck is out of play.
3:41 of 1st period - Brayden Point wins face-off versus Matthew Beniers in Washington Capitals zone.
4:08 of 1st period - Nico Hischier is hit by Kaapo Kakko and loses puck.
4:19 of 1st period - Snap shot by Brad Marchand.
4:19 of 1st period - Stopped by Pavel Francouz without a rebound.
4:20 of 1st period - Brayden Point wins face-off versus Connor McDavid in Winnipeg Jets zone.
4:21 of 1st period - Snap shot by Jason Robertson.
4:21 of 1st period - Stopped by Pavel Francouz without a rebound.
4:22 of 1st period - Brayden Point wins face-off versus Alex DeBrincat in Winnipeg Jets zone.
4:25 of 1st period - Snap shot by Alex Ovechkin.
4:25 of 1st period - Deflect By Jason Robertson.
4:25 of 1st period - Shot Misses the Net.
4:25 of 1st period - Puck is out of play.
4:26 of 1st period - Brayden Point wins face-off versus Connor McDavid in Winnipeg Jets zone.
4:27 of 1st period - Snap shot by Jason Robertson.
4:27 of 1st period - Stopped by Pavel Francouz with a rebound.
4:29 of 1st period - Slapshot by Alex Ovechkin.
4:29 of 1st period - Stopped by Pavel Francouz with a rebound.
4:31 of 1st period - Slapshot by Dylan DeMelo.
4:31 of 1st period - Deflect By Connor McDavid.
4:31 of 1st period - Stopped by Pavel Francouz with a rebound.
4:41 of 1st period - Erik Johnson is hit by Alex DeBrincat and loses puck.
5:26 of 1st period - Snap shot by Connor McDavid.
5:26 of 1st period - Shot Misses the Net.
5:40 of 1st period - Wrist shot by Alex Ovechkin.
5:40 of 1st period - Stopped by Pavel Francouz with a rebound.
5:42 of 1st period - Slapshot by Brayden Point.
5:42 of 1st period - Goal by Brayden Point - Washington Capitals : 1 - Winnipeg Jets : 0.
5:43 of 1st period - Nico Hischier wins face-off versus Matthew Beniers in neutral zone.
5:53 of 1st period - Minor Penalty to Ty Smith for Roughing.
5:54 of 1st period - Nico Hischier wins face-off versus Connor McDavid in Winnipeg Jets zone.
6:10 of 1st period - Snap shot by Drake Batherson.
6:10 of 1st period - Shot Misses the Net.
6:30 of 1st period - Snap shot by Owen Tippett.
6:30 of 1st period - Stopped by Pavel Francouz with a rebound.
6:48 of 1st period - Snap shot by Brayden Point.
6:48 of 1st period - Shot Blocked by Dante Fabbro.
6:50 of 1st period - Slapshot by John Carlson.
6:50 of 1st period - Shot Misses the Net.
6:52 of 1st period - Snap shot by Alex Ovechkin.
6:52 of 1st period - Goal by Alex Ovechkin - Washington Capitals : 2 - Winnipeg Jets : 0.
6:53 of 1st period - Isac Lundestrom wins face-off versus Nick Suzuki in neutral zone.
7:08 of 1st period - Slapshot by Kaapo Kakko.
7:08 of 1st period - Stopped by Jake Oettinger with a rebound.
7:31 of 1st period - Wrist shot by Sam Steel.
7:31 of 1st period - Stopped by Jake Oettinger with a rebound.
7:51 of 1st period - Slapshot by Connor McDavid.
7:51 of 1st period - Stopped by Jake Oettinger without a rebound.
7:52 of 1st period - Michael Mcleod wins face-off versus Matthew Beniers in Washington Capitals zone.
7:59 of 1st period - Snap shot by Joel Armia.
7:59 of 1st period - Stopped by Jake Oettinger without a rebound.
8:00 of 1st period - Matthew Beniers wins face-off versus Michael Mcleod in Washington Capitals zone.
8:07 of 1st period - Backhand shot by Matthew Beniers.
8:07 of 1st period - Shot Blocked by Michael Mcleod.
8:12 of 1st period - Nathan Beaulieu beats up Drake Batherson.
8:12 of 1st period - Penalty to Nathan Beaulieu for Fighting.
8:12 of 1st period - Penalty to Drake Batherson for Fighting.
8:12 of 1st period - Penalty to Drake Batherson for instigated a fight.
8:12 of 1st period - Penalty to Drake Batherson for instigated and being the aggresor in a fight.
8:12 of 1st period - Drake Batherson is ejected from game.
8:13 of 1st period - Michael Mcleod wins face-off versus Connor McDavid in Winnipeg Jets zone.
8:52 of 1st period - Snap shot by Nick Suzuki.
8:52 of 1st period - Shot Misses the Net.
8:54 of 1st period - Slapshot by Nick Suzuki.
8:54 of 1st period - Stopped by Jake Oettinger without a rebound.
8:55 of 1st period - Nick Suzuki wins face-off versus Michael Mcleod in Washington Capitals zone.
9:18 of 1st period - Nick Foligno is hit by Nick Suzuki and loses puck.
9:31 of 1st period - Snap shot by Kaapo Kakko.
9:31 of 1st period - Shot Blocked by Erik Johnson.
9:33 of 1st period - Snap shot by Andrew Cogliano.
9:33 of 1st period - Goal by Andrew Cogliano - Washington Capitals : 2 - Winnipeg Jets : 1.
9:34 of 1st period - Matthew Beniers wins face-off versus Brayden Point in neutral zone.
9:39 of 1st period - Slapshot by Joel Armia.
9:39 of 1st period - Stopped by Jake Oettinger with a rebound.
10:01 of 1st period - John Carlson is hit by Dante Fabbro and loses puck.
10:44 of 1st period - Sam Steel is hit by Brayden Point and loses puck.
10:51 of 1st period - Slapshot by Alex Ovechkin.
10:51 of 1st period - Shot Misses the Net.
10:53 of 1st period - Snap shot by Nick Jensen.
10:53 of 1st period - Shot Misses the Net.
11:11 of 1st period - Slapshot by Brad Marchand.
11:11 of 1st period - Shot Misses the Net.
11:21 of 1st period - Wrist shot by Matthew Beniers.
11:21 of 1st period - Shot Misses the Net.
11:27 of 1st period - Wrist shot by Nick Suzuki.
11:27 of 1st period - Stopped by Jake Oettinger with a rebound.
11:29 of 1st period - Slapshot by Jordan Harris.
11:29 of 1st period - Stopped by Jake Oettinger without a rebound.
11:30 of 1st period - Nick Suzuki wins face-off versus Brayden Point in Washington Capitals zone.
11:43 of 1st period - Brayden Point is hit by Dylan Samberg and loses puck.
12:04 of 1st period - Icing by Matthew Beniers.
12:05 of 1st period - Matthew Beniers wins face-off versus Michael Mcleod in Winnipeg Jets zone.
12:31 of 1st period - Slapshot by Matthew Beniers.
12:31 of 1st period - Stopped by Jake Oettinger with a rebound.
12:33 of 1st period - Slapshot by Barclay Goodrow.
12:33 of 1st period - Deflect By Matthew Beniers.
12:33 of 1st period - Deflect By Jason Robertson.
12:33 of 1st period - Stopped by Jake Oettinger without a rebound.
12:34 of 1st period - Brayden Point wins face-off versus Nick Suzuki in Washington Capitals zone.
13:01 of 1st period - John Carlson is hit by Alex DeBrincat and loses puck.
13:20 of 1st period - Brayden Point is hit by Lucas Raymond and loses puck.
13:55 of 1st period - Erik Johnson is hit by Connor McDavid.
14:03 of 1st period - Wrist shot by Brayden Point.
14:03 of 1st period - Shot Blocked by Dante Fabbro.
14:14 of 1st period - Alex DeBrincat is hit by Alex Ovechkin and loses puck.
14:36 of 1st period - Snap shot by Lucas Raymond.
14:36 of 1st period - Stopped by Jake Oettinger without a rebound.
14:37 of 1st period - Nico Hischier wins face-off versus Nick Suzuki in Washington Capitals zone.
14:37 of 1st period - Nico Hischier is hit by Nick Suzuki.
15:27 of 1st period - Minor Penalty to Calen Addison for Hooking.
15:28 of 1st period - Nico Hischier wins face-off versus Joel Armia in Winnipeg Jets zone.
16:21 of 1st period - Icing by Nico Hischier.
16:22 of 1st period - Connor McDavid wins face-off versus Nico Hischier in Washington Capitals zone.
17:27 of 1st period - Penalty to Calen Addison is over, Calen Addison is back on ice.
17:36 of 1st period - Nick Jensen is hit by Dante Fabbro and loses puck.
18:31 of 1st period - John Carlson is hit by Nick Suzuki and loses puck.
18:42 of 1st period - Nico Hischier is hit by Ty Smith and loses puck.
18:58 of 1st period - Icing by Calen Addison.
18:59 of 1st period - Brayden Point wins face-off versus Sam Steel in Winnipeg Jets zone.
19:44 of 1st period - Snap shot by Jordan Kyrou.
19:44 of 1st period - Shot Misses the Net.
19:46 of 1st period - Wrist shot by Nick Foligno.
19:46 of 1st period - Stopped by Pavel Francouz with a rebound.
Goals for this period are 2 for Washington Capitals vs 1 for Winnipeg Jets.
Shots for this period are 12 for Washington Capitals vs 13 for Winnipeg Jets.
2nd period
0:01 of 2nd period - Andrew Cogliano wins face-off versus Nico Hischier in neutral zone.
0:08 of 2nd period - Snap shot by Kaapo Kakko.
0:08 of 2nd period - Shot Blocked by Nico Hischier.
0:10 of 2nd period - Slapshot by Jordan Harris.
0:10 of 2nd period - Shot Misses the Net.
0:12 of 2nd period - Slapshot by Nick Suzuki.
0:12 of 2nd period - Shot Misses the Net.
0:14 of 2nd period - Snap shot by Andrew Cogliano.
0:14 of 2nd period - Shot Blocked by Brad Marchand.
0:16 of 2nd period - Snap shot by Jordan Harris.
0:16 of 2nd period - Stopped by Jake Oettinger with a rebound.
0:35 of 2nd period - Slapshot by Joel Armia.
0:35 of 2nd period - Shot Misses the Net.
1:54 of 2nd period - Dylan Samberg is hit by Isac Lundestrom and loses puck.
2:29 of 2nd period - Slapshot by Nick Suzuki.
2:29 of 2nd period - Stopped by Jake Oettinger without a rebound.
2:30 of 2nd period - Nico Hischier wins face-off versus Nick Suzuki in Washington Capitals zone.
2:43 of 2nd period - Snap shot by Brad Marchand.
2:43 of 2nd period - Shot Blocked by Andrew Cogliano.
2:55 of 2nd period - Connor McDavid is hit by Nick Jensen.
3:12 of 2nd period - 10 Minutes Misconduct Penalty to Drake Batherson is over.
3:20 of 2nd period - Icing by John Carlson.
3:21 of 2nd period - Michael Mcleod wins face-off versus Nick Suzuki in Washington Capitals zone.
3:26 of 2nd period - Slapshot by Nick Suzuki.
3:26 of 2nd period - Shot Misses the Net.
3:45 of 2nd period - Wrist shot by Dominik Kubalik.
3:45 of 2nd period - Shot Blocked by Jordan Harris.
3:47 of 2nd period - Backhand shot by Jordan Kyrou.
3:47 of 2nd period - Shot Misses the Net.
4:52 of 2nd period - Icing by Jordan Harris.
4:53 of 2nd period - Brayden Point wins face-off versus Nick Suzuki in Winnipeg Jets zone.
5:38 of 2nd period - Icing by Alex DeBrincat.
5:39 of 2nd period - Connor McDavid wins face-off versus Brayden Point in Winnipeg Jets zone.
5:52 of 2nd period - Snap shot by Joel Armia.
5:52 of 2nd period - Deflect By Matthew Beniers.
5:52 of 2nd period - Shot Blocked by Erik Johnson.
5:52 of 2nd period - Puck is out of play.
5:53 of 2nd period - Connor McDavid wins face-off versus Nico Hischier in Washington Capitals zone.
5:59 of 2nd period - Minor Penalty to Brad Marchand for Cross-checking.
6:00 of 2nd period - Connor McDavid wins face-off versus Michael Mcleod in Washington Capitals zone.
7:14 of 2nd period - Connor McDavid is hit by Erik Johnson and loses puck.
7:29 of 2nd period - Snap shot by Nick Suzuki.
7:29 of 2nd period - Shot Misses the Net.
7:47 of 2nd period - Lucas Raymond is hit by Ian Cole and loses puck.
7:59 of 2nd period - Penalty to Brad Marchand is over, Brad Marchand is back on ice.
8:18 of 2nd period - Snap shot by Nico Hischier.
8:18 of 2nd period - Stopped by Pavel Francouz with a rebound.
8:20 of 2nd period - Snap shot by Nico Hischier.
8:20 of 2nd period - Stopped by Pavel Francouz without a rebound.
8:21 of 2nd period - Sam Steel wins face-off versus Brayden Point in Winnipeg Jets zone.
8:57 of 2nd period - Dylan DeMelo is hit by Barclay Goodrow and loses puck.
10:01 of 2nd period - Snap shot by Jason Robertson.
10:01 of 2nd period - Shot Misses the Net.
10:11 of 2nd period - Nick Foligno is hit by Alex DeBrincat and loses puck.
10:24 of 2nd period - Wrist shot by Connor McDavid.
10:24 of 2nd period - Stopped by Jake Oettinger with a rebound.
10:26 of 2nd period - Slapshot by Ty Smith.
10:26 of 2nd period - Stopped by Jake Oettinger without a rebound.
10:27 of 2nd period - Isac Lundestrom wins face-off versus Sam Steel in Washington Capitals zone.
10:50 of 2nd period - Jason Robertson is hit by Dante Fabbro and loses puck.
12:05 of 2nd period - Snap shot by Klim Kostin.
12:05 of 2nd period - Shot Blocked by Ian Cole.
12:53 of 2nd period - Minor Penalty to Dylan DeMelo for Cross-checking.
12:54 of 2nd period - Connor McDavid wins face-off versus Michael Mcleod in Washington Capitals zone.
13:31 of 2nd period - Snap shot by Nick Suzuki.
13:31 of 2nd period - Goal by Nick Suzuki - Washington Capitals : 2 - Winnipeg Jets : 2.
13:32 of 2nd period - Brayden Point wins face-off versus Connor McDavid in neutral zone.
13:44 of 2nd period - Backhand shot by Brayden Point.
13:44 of 2nd period - Stopped by Pavel Francouz with a rebound.
13:46 of 2nd period - Wrist shot by Jason Robertson.
13:46 of 2nd period - Stopped by Pavel Francouz with a rebound.
13:58 of 2nd period - Barclay Goodrow is hit by Ian Cole and loses puck.
14:05 of 2nd period - Slapshot by Owen Tippett.
14:05 of 2nd period - Stopped by Pavel Francouz with a rebound.
14:09 of 2nd period - Slapshot by Nico Hischier.
14:09 of 2nd period - Stopped by Pavel Francouz without a rebound.
14:10 of 2nd period - Nick Suzuki wins face-off versus Brayden Point in Winnipeg Jets zone.
14:10 of 2nd period - Nick Suzuki is hit by Brayden Point.
14:13 of 2nd period - Minor Penalty to Andrew Cogliano for Hooking.
14:14 of 2nd period - Brayden Point wins face-off versus Alex DeBrincat in Winnipeg Jets zone.
14:16 of 2nd period - Wrist shot by Jason Robertson.
14:16 of 2nd period - Stopped by Pavel Francouz without a rebound.
14:17 of 2nd period - Brayden Point wins face-off versus Alex DeBrincat in Winnipeg Jets zone.
14:22 of 2nd period - Snap shot by Jason Robertson.
14:22 of 2nd period - Shot Blocked by Dante Fabbro.
14:24 of 2nd period - Slapshot by Brayden Point.
14:24 of 2nd period - Shot Misses the Net.
14:26 of 2nd period - Snap shot by Brayden Point.
14:26 of 2nd period - Deflect By Jason Robertson.
14:26 of 2nd period - Goal by Jason Robertson - Washington Capitals : 3 - Winnipeg Jets : 2.
14:27 of 2nd period - Connor McDavid wins face-off versus Alex Ovechkin in neutral zone.
14:40 of 2nd period - Dante Fabbro is hit by Jason Robertson and loses puck.
14:53 of 2nd period - Barclay Goodrow is hit by Brad Marchand and loses puck.
15:00 of 2nd period - Wrist shot by Nico Hischier.
15:00 of 2nd period - Shot Misses the Net.
15:02 of 2nd period - Slapshot by Dylan DeMelo.
15:02 of 2nd period - Shot Blocked by Nathan Beaulieu.
15:04 of 2nd period - Slapshot by Dylan DeMelo.
15:04 of 2nd period - Stopped by Pavel Francouz without a rebound.
15:05 of 2nd period - Brayden Point wins face-off versus Connor McDavid in Winnipeg Jets zone.
15:18 of 2nd period - Slapshot by Brayden Point.
15:18 of 2nd period - Stopped by Pavel Francouz without a rebound.
15:19 of 2nd period - Nick Suzuki wins face-off versus Nico Hischier in Winnipeg Jets zone.
15:24 of 2nd period - Slapshot by Kaapo Kakko.
15:24 of 2nd period - Shot Misses the Net.
15:44 of 2nd period - Alex DeBrincat is hit by Nick Jensen and loses puck.
15:56 of 2nd period - Snap shot by Alex Ovechkin.
15:56 of 2nd period - Shot Blocked by Dylan Samberg.
16:18 of 2nd period - Snap shot by Isac Lundestrom.
16:18 of 2nd period - Shot Misses the Net.
16:54 of 2nd period - Slapshot by Kaapo Kakko.
16:54 of 2nd period - Stopped by Jake Oettinger with a rebound.
16:56 of 2nd period - Slapshot by Calen Addison.
16:56 of 2nd period - Shot Blocked by Dominik Kubalik.
16:58 of 2nd period - Slapshot by Dylan Samberg.
16:58 of 2nd period - Shot Blocked by Michael Mcleod.
17:00 of 2nd period - Slapshot by Nick Suzuki.
17:00 of 2nd period - Shot Misses the Net.
17:02 of 2nd period - Wrist shot by Andrew Cogliano.
17:02 of 2nd period - Deflect By John Carlson.
17:02 of 2nd period - Stopped by Jake Oettinger with a rebound.
17:54 of 2nd period - Minor Penalty to Brad Marchand for Hooking.
17:55 of 2nd period - Kaapo Kakko wins face-off versus Michael Mcleod in Washington Capitals zone.
18:20 of 2nd period - Connor McDavid is hit by Ian Cole.
19:54 of 2nd period - Penalty to Brad Marchand is over, Brad Marchand is back on ice.
19:58 of 2nd period - Brad Marchand is hit by Nathan Beaulieu and loses puck.
Goals for this period are 1 for Washington Capitals vs 1 for Winnipeg Jets.
Shots for this period are 10 for Washington Capitals vs 7 for Winnipeg Jets.
3rd period
0:01 of 3rd period - Nick Suzuki wins face-off versus Brayden Point in neutral zone.
0:14 of 3rd period - Snap shot by Jason Robertson.
0:14 of 3rd period - Shot Blocked by Nathan Beaulieu.
0:55 of 3rd period - Wrist shot by Jordan Kyrou.
0:55 of 3rd period - Stopped by Pavel Francouz with a rebound.
0:57 of 3rd period - Wrist shot by Jordan Kyrou.
0:57 of 3rd period - Stopped by Pavel Francouz with a rebound.
1:24 of 3rd period - Jordan Kyrou is hit by Nick Suzuki and loses puck.
1:42 of 3rd period - Nico Hischier is hit by Sam Steel and loses puck.
2:22 of 3rd period - Nick Foligno is hit by Nick Suzuki and loses puck.
2:39 of 3rd period - Slapshot by Brayden Point.
2:39 of 3rd period - Deflect By Alex Ovechkin.
2:39 of 3rd period - Goal by Alex Ovechkin - Washington Capitals : 4 - Winnipeg Jets : 2.
2:40 of 3rd period - Nick Suzuki wins face-off versus Jason Robertson in neutral zone.
3:05 of 3rd period - Jason Robertson is hit by Alex DeBrincat and loses puck.
3:31 of 3rd period - Joel Armia is hit by Owen Tippett and loses puck.
3:40 of 3rd period - Snap shot by Brad Marchand.
3:40 of 3rd period - Shot Blocked by Joel Armia.
3:52 of 3rd period - Wrist shot by Matthew Beniers.
3:52 of 3rd period - Shot Blocked by John Carlson.
3:54 of 3rd period - Snap shot by Nick Suzuki.
3:54 of 3rd period - Stopped by Jake Oettinger without a rebound.
3:55 of 3rd period - Nick Suzuki wins face-off versus Isac Lundestrom in Washington Capitals zone.
4:28 of 3rd period - Icing by Ty Smith.
4:29 of 3rd period - Sam Steel wins face-off versus Brayden Point in Winnipeg Jets zone.
4:59 of 3rd period - Wrist shot by Sam Steel.
4:59 of 3rd period - Deflect By Pius Suter.
4:59 of 3rd period - Stopped by Jake Oettinger with a rebound.
5:01 of 3rd period - Snap shot by Pius Suter.
5:01 of 3rd period - Deflect By Klim Kostin.
5:01 of 3rd period - Stopped by Jake Oettinger without a rebound.
5:02 of 3rd period - Nico Hischier wins face-off versus Nick Suzuki in Washington Capitals zone.
5:39 of 3rd period - Nick Suzuki is hit by Nick Foligno and loses puck.
5:50 of 3rd period - Dante Fabbro is hit by Brayden Point and loses puck.
6:15 of 3rd period - Snap shot by Connor McDavid.
6:15 of 3rd period - Shot Blocked by Michael Mcleod.
6:25 of 3rd period - Wrist shot by Connor McDavid.
6:25 of 3rd period - Shot Misses the Net.
7:09 of 3rd period - Snap shot by Alex Ovechkin.
7:09 of 3rd period - Goal by Alex Ovechkin - Washington Capitals : 5 - Winnipeg Jets : 2.
7:10 of 3rd period - Brayden Point wins face-off versus Connor McDavid in neutral zone.
7:23 of 3rd period - Snap shot by Lucas Raymond.
7:23 of 3rd period - Shot Misses the Net.
7:25 of 3rd period - Wrist shot by Lucas Raymond.
7:25 of 3rd period - Stopped by Jake Oettinger with a rebound.
7:27 of 3rd period - Wrist shot by Calen Addison.
7:27 of 3rd period - Shot Blocked by Ian Cole.
7:37 of 3rd period - Ian Cole is hit by Dylan Samberg and loses puck.
7:49 of 3rd period - Snap shot by Jason Robertson.
7:49 of 3rd period - Shot Blocked by Dylan Samberg.
7:51 of 3rd period - Snap shot by Alex Ovechkin.
7:51 of 3rd period - Shot Misses the Net.
7:53 of 3rd period - Snap shot by Brayden Point.
7:53 of 3rd period - Shot Misses the Net.
7:55 of 3rd period - Slapshot by John Carlson.
7:55 of 3rd period - Stopped by Pavel Francouz with a rebound.
7:59 of 3rd period - Wrist shot by Jason Robertson.
7:59 of 3rd period - Shot Misses the Net.
8:01 of 3rd period - Backhand shot by Jason Robertson.
8:01 of 3rd period - Shot Misses the Net.
8:03 of 3rd period - Snap shot by Erik Johnson.
8:03 of 3rd period - Shot Misses the Net.
8:05 of 3rd period - Wrist shot by Jason Robertson.
8:05 of 3rd period - Shot Misses the Net.
8:07 of 3rd period - Slapshot by Erik Johnson.
8:07 of 3rd period - Stopped by Pavel Francouz without a rebound.
8:08 of 3rd period - Nico Hischier wins face-off versus Matthew Beniers in Winnipeg Jets zone.
8:19 of 3rd period - Wrist shot by Brad Marchand.
8:19 of 3rd period - Deflect By Joel Armia.
8:19 of 3rd period - Goal by Brad Marchand - Washington Capitals : 6 - Winnipeg Jets : 2.
8:20 of 3rd period - Connor McDavid wins face-off versus Nico Hischier in neutral zone.
8:33 of 3rd period - Nathan Beaulieu beats up Brad Marchand.
8:33 of 3rd period - Penalty to Nathan Beaulieu for Fighting.
8:33 of 3rd period - Penalty to Brad Marchand for Fighting.
8:33 of 3rd period - Penalty to Nathan Beaulieu for instigated a fight.
8:33 of 3rd period - Penalty to Nathan Beaulieu for instigated a fight.
8:34 of 3rd period - Alex DeBrincat wins face-off versus Jason Robertson in neutral zone.
8:37 of 3rd period - Snap shot by Alex DeBrincat.
8:37 of 3rd period - Stopped by Jake Oettinger without a rebound.
8:38 of 3rd period - Connor McDavid wins face-off versus Brayden Point in Washington Capitals zone.
8:39 of 3rd period - Wrist shot by Nick Suzuki.
8:39 of 3rd period - Shot Blocked by Jason Robertson.
8:41 of 3rd period - Minor Penalty to Alex Ovechkin for Roughing.
8:42 of 3rd period - Connor McDavid wins face-off versus Brayden Point in Washington Capitals zone.
8:53 of 3rd period - Wrist shot by Nick Suzuki.
8:53 of 3rd period - Stopped by Jake Oettinger without a rebound.
8:54 of 3rd period - Alex DeBrincat wins face-off versus Brayden Point in Washington Capitals zone.
9:00 of 3rd period - Snap shot by Alex DeBrincat.
9:00 of 3rd period - Stopped by Jake Oettinger with a rebound.
9:02 of 3rd period - Slapshot by Dylan Samberg.
9:02 of 3rd period - Stopped by Jake Oettinger without a rebound.
9:03 of 3rd period - Alex DeBrincat wins face-off versus Brayden Point in Washington Capitals zone.
9:09 of 3rd period - Snap shot by Alex DeBrincat.
9:09 of 3rd period - Shot Blocked by David Savard.
9:11 of 3rd period - Snap shot by Lucas Raymond.
9:11 of 3rd period - Deflect By Alex DeBrincat.
9:11 of 3rd period - Stopped by Jake Oettinger with a rebound.
9:17 of 3rd period - Snap shot by Lucas Raymond.
9:17 of 3rd period - Stopped by Jake Oettinger with a rebound.
9:19 of 3rd period - Snap shot by Dylan Samberg.
9:19 of 3rd period - Stopped by Jake Oettinger with a rebound.
9:45 of 3rd period - Wrist shot by Lucas Raymond.
9:45 of 3rd period - Shot Misses the Net.
9:47 of 3rd period - Snap shot by Alex DeBrincat.
9:47 of 3rd period - Stopped by Jake Oettinger with a rebound.
9:49 of 3rd period - Wrist shot by Lucas Raymond.
9:49 of 3rd period - Shot Misses the Net.
9:51 of 3rd period - Snap shot by Jordan Harris.
9:51 of 3rd period - Stopped by Jake Oettinger with a rebound.
9:53 of 3rd period - Snap shot by Dylan Samberg.
9:53 of 3rd period - Shot Blocked by Brayden Point.
9:55 of 3rd period - Wrist shot by Alex DeBrincat.
9:55 of 3rd period - Shot Misses the Net.
10:10 of 3rd period - Snap shot by Alex DeBrincat.
10:10 of 3rd period - Deflect By Lucas Raymond.
10:10 of 3rd period - Shot Blocked by John Carlson.
10:10 of 3rd period - Puck is out of play.
10:11 of 3rd period - Nick Suzuki wins face-off versus Dominik Kubalik in Washington Capitals zone.
10:16 of 3rd period - Snap shot by Connor McDavid.
10:16 of 3rd period - Deflect By Nick Suzuki.
10:16 of 3rd period - Shot Misses the Net.
10:16 of 3rd period - Puck is out of play.
10:17 of 3rd period - Connor McDavid wins face-off versus Dominik Kubalik in Washington Capitals zone.
10:30 of 3rd period - Snap shot by Nick Suzuki.
10:30 of 3rd period - Shot Misses the Net.
10:33 of 3rd period - Penalty to Nathan Beaulieu is over, Matthew Beniers is send on ice.
10:36 of 3rd period - Matthew Beniers is hit by Nick Foligno and loses puck.
10:41 of 3rd period - Penalty to Alex Ovechkin is over, Alex Ovechkin is back on ice.
11:05 of 3rd period - Snap shot by Connor McDavid.
11:05 of 3rd period - Stopped by Jake Oettinger without a rebound.
11:06 of 3rd period - Nico Hischier wins face-off versus Sam Steel in Washington Capitals zone.
11:17 of 3rd period - Wrist shot by Nico Hischier.
11:17 of 3rd period - Stopped by Pavel Francouz with a rebound.
11:31 of 3rd period - Barclay Goodrow is hit by Brayden Point and loses puck.
12:06 of 3rd period - Snap shot by Nick Suzuki.
12:06 of 3rd period - Stopped by Jake Oettinger with a rebound.
13:06 of 3rd period - Owen Tippett is hit by Barclay Goodrow.
13:22 of 3rd period - Minor Penalty to Andrew Cogliano for Hooking.
13:23 of 3rd period - Alex DeBrincat wins face-off versus Brayden Point in Winnipeg Jets zone.
13:33 of 3rd period - Penalty to Nathan Beaulieu is over, Joel Armia is send on ice.
13:34 of 3rd period - Slapshot by Alex Ovechkin.
13:34 of 3rd period - Goal by Alex Ovechkin - Washington Capitals : 7 - Winnipeg Jets : 2.
13:35 of 3rd period - Nick Suzuki wins face-off versus Brayden Point in neutral zone.
14:32 of 3rd period - Wrist shot by Joel Armia.
14:32 of 3rd period - Stopped by Jake Oettinger with a rebound.
14:52 of 3rd period - Slapshot by Pius Suter.
14:52 of 3rd period - Shot Misses the Net.
15:06 of 3rd period - Owen Tippett is hit by Nick Suzuki.
15:12 of 3rd period - Wrist shot by Owen Tippett.
15:12 of 3rd period - Shot Misses the Net.
16:32 of 3rd period - Snap shot by Connor McDavid.
16:32 of 3rd period - Stopped by Jake Oettinger with a rebound.
16:34 of 3rd period - Minor Penalty to Brad Marchand for Roughing.
16:35 of 3rd period - Michael Mcleod wins face-off versus Nick Suzuki in Washington Capitals zone.
17:00 of 3rd period - Nick Suzuki is hit by Nick Foligno and loses puck.
17:24 of 3rd period - Slapshot by Calen Addison.
17:24 of 3rd period - Stopped by Jake Oettinger without a rebound.
17:25 of 3rd period - Connor McDavid wins face-off versus Nick Foligno in Washington Capitals zone.
17:30 of 3rd period - Wrist shot by Connor McDavid.
17:30 of 3rd period - Shot Hit the Post.
17:32 of 3rd period - Slapshot by Dante Fabbro.
17:32 of 3rd period - Deflect By Alex DeBrincat.
17:32 of 3rd period - Shot Blocked by Ian Cole.
17:32 of 3rd period - Puck is out of play.
17:33 of 3rd period - Michael Mcleod wins face-off versus Connor McDavid in Washington Capitals zone.
17:33 of 3rd period - Michael Mcleod is hit by Connor McDavid.
17:58 of 3rd period - Off-side.
17:59 of 3rd period - Michael Mcleod wins face-off versus Nick Suzuki in neutral zone.
18:03 of 3rd period - Off-side.
18:04 of 3rd period - Michael Mcleod wins face-off versus Nick Suzuki in neutral zone.
18:15 of 3rd period - Wrist shot by Nick Foligno.
18:15 of 3rd period - Shot Misses the Net.
18:24 of 3rd period - Off-side.
18:25 of 3rd period - Connor McDavid wins face-off versus Dominik Kubalik in neutral zone.
18:34 of 3rd period - Penalty to Brad Marchand is over, Brad Marchand is back on ice.
19:06 of 3rd period - Snap shot by Brayden Point.
19:06 of 3rd period - Shot Misses the Net.
Goals for this period are 4 for Washington Capitals vs 0 for Winnipeg Jets.
Shots for this period are 9 for Washington Capitals vs 18 for Winnipeg Jets.
Back to the Top